 Dungeon Crawl Stone Soup version 0.22-a0-305-gd21a89c (webtiles) character file.

494 tidbits the Covert (level 7, -1/56 HPs)
             Began as a Gnoll Assassin on Mar 29, 2018.
             Slain by an ogre
             ... wielding a cursed +0 giant club
              (13 damage)
             ... on level 4 of the Dungeon.
             The game lasted 00:09:12 (971 turns).

tidbits the Covert (Gnoll Assassin)                  Turns: 971, Time: 00:09:13

Health: -1/56      AC:  3    Str: 13    XL:     7   Next: 15%
Magic:  10/10      EV: 14    Int: 16    God:
Gold:   80         SH:  0    Dex: 16    Spells: 10/10 levels left

rFire    . . .     SeeInvis .   a - +3 dagger
rCold    . . .     Gourm    .   (no shield)
rNeg     . . .     Faith    .   c - +0 robe
rPois    .         Spirit   .   (no helmet)
rElec    .         Reflect  .   p - +0 cloak
rCorr    .         Harm     .   (no gloves)
MR       .....                  (no boots)
Stlth    ++++......             (no amulet)
HPRegen  0.18/turn              (no ring)
MPRegen  0.12/turn              (no ring)

@: no status effects
A: distributed training, fangs 1, strong nose
a: no special abilities


You were on level 4 of the Dungeon.
You were not hungry.

You visited 1 branch of the dungeon, and saw 5 of its levels.

You collected 80 gold pieces.

Inventory:

Hand Weapons
 a - a +3 dagger (weapon)
 b - a +0 blowgun
 i - a +0 short sword
Missiles
 e - 29 poisoned needles
 l - 27 stones
 m - 33 arrows
 n - 9 tomahawks (quivered)
Armour
 c - a +0 robe (worn)
 p - a +0 cloak (worn)
 q - a +0 ring mail
Wands
 d - a wand of digging (15)
Scrolls
 f - a scroll of teleportation {unknown}
 j - 3 scrolls of immolation
 k - a scroll of remove curse
 o - a scroll of identify
Comestibles
 g - 4 rations


   Skills:
 + Level 5.1 Fighting
 + Level 5.1 Short Blades
 + Level 2.2 Long Blades
 + Level 2.2 Axes
 + Level 2.2 Maces & Flails
 + Level 2.2 Polearms
 + Level 2.2 Staves
 + Level 2.2 Slings
 + Level 2.2 Bows
 + Level 2.2 Crossbows
 + Level 5.1 Throwing
 + Level 2.2 Armour
 + Level 3.4 Dodging
 + Level 8.1 Stealth
 + Level 2.2 Shields
 + Level 2.2 Unarmed Combat
 + Level 2.2 Spellcasting
 + Level 1.8 Conjurations
 + Level 1.8 Hexes
 + Level 1.8 Charms
 + Level 1.8 Summonings
 + Level 1.8 Necromancy
 + Level 1.8 Translocations
 + Level 1.8 Transmutations
 + Level 1.8 Fire Magic
 + Level 1.8 Ice Magic
 + Level 1.8 Air Magic
 + Level 1.8 Earth Magic
 + Level 1.8 Poison Magic
 + Level 2.5 Invocations
 + Level 2.2 Evocations


You had 10 spell levels left.
You didn't know any spells.

Dungeon Overview and Level Annotations

Branches:
Dungeon (5/15)
 Temple: D:4-7

Altars:
The Shining One


Innate Abilities, Weirdness & Mutations

Your experience applies equally to all skills.
You have very sharp teeth.
Your uncanny sense of smell can sniff out nearby items.


Message History

Your Fighting skill increases to level 5!
Your Short Blades skill increases to level 5!
Your Long Blades skill increases to level 2!
Your Axes skill increases to level 2!
Your Maces & Flails skill increases to level 2!
Your Polearms skill increases to level 2!
Your Staves skill increases to level 2!
Your Slings skill increases to level 2!
Your Bows skill increases to level 2!
Your Crossbows skill increases to level 2!
Your Throwing skill increases to level 5!
Your Armour skill increases to level 2!
Your Shields skill increases to level 2!
Your Unarmed Combat skill increases to level 2!
Your Spellcasting skill increases to level 2!
Your Evocations skill increases to level 2!
You have reached level 7!
Evoke which item? (* to show all) (? for menu, Esc to quit)
Aiming: Dig
Press: ? - help, Shift-Dir - straight line, f - you The rock shatters into small pieces.
Unknown command.
An ogre comes into view. It is wielding a giant club.
Found a stone staircase leading down.
The ogre shouts!
The ogre misses you.
Unknown command.
That item cannot be evoked!
Unknown command.
As you read the scroll labeled COOTO OTRU, it crumbles to dust.
The creatures around you are filled with an inner flame!
It was a scroll of immolation.
You hear the quick rusting of a distant drain.
A hound skeleton comes into view.
As you read the scroll labeled PAGUUC OQERR, it crumbles to dust.
It is a scroll of identify.
k - a scroll of remove curse The ogre closely misses you.
As you read the scroll labeled MOUBEU FALEYNT, it crumbles to dust.
It is a scroll of enchant weapon.
Your +2 dagger glows red for a moment.
The ogre barely misses you. The hound skeleton closely misses you.
The hound skeleton bites you but does no damage.
The hound skeleton closely misses you.
The hound skeleton completely misses you.
The hound skeleton misses you. The hound skeleton barely misses you.
The hound skeleton bites you.
* * * LOW HITPOINT WARNING * * *
The hound skeleton bites you.
* * * LOW HITPOINT WARNING * * *
A rat comes into view.
The ogre's inner flame fades away.
You aren't carrying any potions.
Unknown command.
You hit the hound skeleton.
The hound skeleton is lightly damaged.
The hound skeleton misses you.
You hit the hound skeleton.
The hound skeleton is moderately damaged.
The hound skeleton closely misses you.
You hit the hound skeleton.
The hound skeleton is heavily damaged.
The hound skeleton barely misses you.
You hit the hound skeleton.
The hound skeleton is heavily damaged.
The hound skeleton closely misses you.
You hit the hound skeleton.
The hound skeleton is severely damaged.
The hound skeleton bites you.
* * * LOW HITPOINT WARNING * * *
You hit the hound skeleton.
The hound skeleton is almost destroyed.
The hound skeleton closely misses you.
You closely miss the hound skeleton.
The hound skeleton is almost destroyed.
The hound skeleton closely misses you.
You hit the hound skeleton.
You destroy the hound skeleton!
You hit the ogre.
The ogre is lightly wounded.
The ogre barely misses you.
You hit the ogre.
The ogre is lightly wounded.
You barely miss the ogre.
The ogre is lightly wounded.
The ogre barely misses you.
You hit the ogre. You bite the ogre, but do no damage.
The ogre is moderately wounded.
You barely miss the ogre.
The ogre is moderately wounded.
The ogre misses you.
You hit the ogre. You bite the ogre, but do no damage.
The ogre is moderately wounded.
The ogre closely misses you.
You hit the ogre.
The ogre is moderately wounded.
You hit the ogre but do no damage.
The ogre is moderately wounded.
The ogre hits you with a giant club!
You die...

#......# #......#
#......# .......#
#......# #......#
#......###########
#..............O.##
################@.#
##.# ..# #.# .. ..r
... .≈≈#


You could see an ogre and a rat.

Vanquished Creatures
  Grinder (D:4)
  A scorpion (D:2)
  An orc wizard (D:3)
  An orc priest (D:3)
  3 worker ants (D:4)
  A hound skeleton (D:4)
  6 adders
  A worm (D:2)
  A dart slug (D:1)
  A leopard gecko (D:3)
  7 orcs
  2 ball pythons
  3 goblins
  3 hobgoblins
  A quokka (D:2)
  A bat (D:1)
  A frilled lizard (D:2)
  5 kobolds
  A quokka skeleton (D:4)
  4 rats
45 creatures vanquished.

Notes
Turn   | Place    | Note
-------+----------+-------------------------------------------
     0 | D:1      | tidbits the Gnoll Assassin began the quest for the Orb.
     0 | D:1      | Reached XP level 1. HP: 20/20 MP: 1/1
   108 | D:1      | Reached XP level 2. HP: 17/26 MP: 2/2
   157 | D:2      | Found a glowing golden altar of the Shining One.
   318 | D:2      | Reached XP level 3. HP: 31/31 MP: 3/3
   328 | D:2      | Noticed a scorpion
   337 | D:2      | Killed a scorpion
   337 | D:2      | Reached skill level 1 in Long Blades
   337 | D:2      | Reached skill level 1 in Axes
   337 | D:2      | Reached skill level 1 in Maces & Flails
   337 | D:2      | Reached skill level 1 in Polearms
   337 | D:2      | Reached skill level 1 in Staves
   337 | D:2      | Reached skill level 1 in Slings
   337 | D:2      | Reached skill level 1 in Bows
   337 | D:2      | Reached skill level 1 in Crossbows
   337 | D:2      | Reached skill level 1 in Armour
   337 | D:2      | Reached skill level 1 in Shields
   337 | D:2      | Reached skill level 1 in Unarmed Combat
   337 | D:2      | Reached skill level 1 in Spellcasting
   337 | D:2      | Reached skill level 1 in Invocations
   337 | D:2      | Reached skill level 1 in Evocations
   337 | D:2      | Reached XP level 4. HP: 38/38 MP: 3/5
   386 | D:2      | Reached skill level 1 in Conjurations
   386 | D:2      | Reached skill level 1 in Hexes
   386 | D:2      | Reached skill level 1 in Charms
   386 | D:2      | Reached skill level 1 in Summonings
   386 | D:2      | Reached skill level 1 in Necromancy
   386 | D:2      | Reached skill level 1 in Translocations
   386 | D:2      | Reached skill level 1 in Transmutations
   386 | D:2      | Reached skill level 1 in Fire Magic
   386 | D:2      | Reached skill level 1 in Ice Magic
   386 | D:2      | Reached skill level 1 in Air Magic
   386 | D:2      | Reached skill level 1 in Earth Magic
   386 | D:2      | Reached skill level 1 in Poison Magic
   469 | D:3      | Reached XP level 5. HP: 16/43 MP: 6/6
   532 | D:3      | Reached skill level 3 in Dodging
   628 | D:4      | Reached skill level 8 in Stealth
   656 | D:4      | Reached XP level 6. HP: 22/50 MP: 8/8
   741 | D:4      | Reached skill level 2 in Invocations
   815 | D:5      | Entered Level 5 of the Dungeon
   900 | D:4      | Noticed Grinder
   914 | D:4      | Killed Grinder
   914 | D:4      | Reached skill level 5 in Fighting
   914 | D:4      | Reached skill level 5 in Short Blades
   914 | D:4      | Reached skill level 2 in Long Blades
   914 | D:4      | Reached skill level 2 in Axes
   914 | D:4      | Reached skill level 2 in Maces & Flails
   914 | D:4      | Reached skill level 2 in Polearms
   914 | D:4      | Reached skill level 2 in Staves
   914 | D:4      | Reached skill level 2 in Slings
   914 | D:4      | Reached skill level 2 in Bows
   914 | D:4      | Reached skill level 2 in Crossbows
   914 | D:4      | Reached skill level 5 in Throwing
   914 | D:4      | Reached skill level 2 in Armour
   914 | D:4      | Reached skill level 2 in Shields
   914 | D:4      | Reached skill level 2 in Unarmed Combat
   914 | D:4      | Reached skill level 2 in Spellcasting
   914 | D:4      | Reached skill level 2 in Evocations
   914 | D:4      | Reached XP level 7. HP: 11/56 MP: 8/10
   971 | D:4      | Slain by an ogre

Vault maps used:
D:1:      scummos_arrival_simple_fountains
D:2:      tso_metal_star
D:3:      lemuel_coloured_pillars_altar
D:4:      minitemple, minmay_temple_entry_overgrown, portal_sewer_entry_e,
          hangedman_glass_teeth, kennysheep_cross_room, uniq_grinder,
          uniq_crazy_yiuf_cottage
D:5:      first_ration, minmay_misc_feat_room

Skill      XL: |  1  2  3  4  5  6 |
---------------+-------------------+-----
Long Blades    | 1 2 |  2.2
Axes           | 1 2 |  2.2
Maces & Flails | 1 2 |  2.2
Polearms       | 1 2 |  2.2
Staves         | 1 2 |  2.2
Slings         | 1 2 |  2.2
Bows           | 1 2 |  2.2
Crossbows      | 1 2 |  2.2
Armour         | 1 2 |  2.2
Shields        | 1 2 |  2.2
Unarmed Combat | 1 2 |  2.2
Spellcasting   | 1 2 |  2.2
Invocations    | 1 2 |  2.5
Evocations     | 1 2 |  2.2
Conjurations   | 1 |  1.8
Hexes          | 1 |  1.8
Charms         | 1 |  1.8
Summonings     | 1 |  1.8
Necromancy     | 1 |  1.8
Translocations | 1 |  1.8
Transmutations | 1 |  1.8
Fire Magic     | 1 |  1.8
Ice Magic      | 1 |  1.8
Air Magic      | 1 |  1.8
Earth Magic    | 1 |  1.8
Poison Magic   | 1 |  1.8
Dodging        | 3 |  3.4
Stealth        | 8 |  8.1
Fighting       | 5 |  5.1
Short Blades   | 5 |  5.1
Throwing       | 5 |  5.1

Action                   |  1- 3 |  4- 6 |  7- 9 || total
-------------------------+-------+-------+-------++-------
Melee: Dagger            |    36 |   119 |    16 ||   171
       Bite              |     1 |    13 |     2 ||    16
 Fire: Blowgun           |     4 |     9 |       ||    13
Throw: Tomahawk          |       |     5 |       ||     5
Evoke: Wand              |       |     2 |     1 ||     3
  Use: Scroll            |       |       |     3 ||     3
 Stab: Sleeping          |     6 |     5 |       ||    11
Armor: Robe              |     4 |     8 |     1 ||    13
Dodge: Dodged            |     9 |    51 |    18 ||    78

Table legend:
 A = Spawn XP
 B = Non-spawn XP
 C = Spawn XP percentage of total XP
 D = Spawn monster count
 E = Non-spawn monster count
 F = Spawn count percentage of total count
 G = Total turns spent on level
                    A         B        C        D         E        F      G
               +---------+---------+-------+---------+---------+-------+---------
         Total |       0 |     706 |   0.0 |       0 |      45 |   0.0 |   971
               +---------+---------+-------+---------+---------+-------+---------
           D:1 |       0 |      18 |   0.0 |       0 |      10 |   0.0 |   255
           D:2 |       0 |     119 |   0.0 |       0 |      14 |   0.0 |   188
           D:3 |       0 |     106 |   0.0 |       0 |       6 |   0.0 |   143
           D:4 |       0 |     450 |   0.0 |       0 |      14 |   0.0 |   335
           D:5 |       0 |      13 |   0.0 |       0 |       1 |   0.0 |    50
               +---------+---------+-------+---------+---------+-------+---------

Table legend:
 A = Turns spent in this place as a percentage of turns spent in the entire game.
 B = Non-inter-level travel turns spent in this place as a percentage of non-inter-level travel turns spent in the entire game.
 C = Inter-level travel turns spent in this place as a percentage of turns spent in this place.
 D = Turns resting spent in this place as a percentage of non-inter-level travel turns spent in this place.
 E = Turns spent auto-exploring this place as a percentage of non-inter-level travel turns spent in this place.
 F = Non-inter-level travel turns spent in this place divided by the number of levels of this place that you've seen.
                   A       B       C       D       E      F
               +-------+-------+-------+-------+-------+----------------------
         Total | 100.0 | 100.0 |   0.0 |   0.0 |   0.0 | 194.2
       Dungeon | 100.0 | 100.0 |   0.0 |   0.0 |   0.0 | 194.2
               +-------+-------+-------+-------+-------+----------------------

Table legend:
 A = Kills in this place as a percentage of kills in entire the game.
 B = Kills by you in this place as a percentage of kills by you in the entire game.
 C = Kills by friends in this place as a percentage of kills by friends in the entire game.
 D = Other kills in this place as a percentage of other kills in the entire game.
 E = Experience gained in this place as a percentage of experience gained in the entire game.
 F = Experience gained in this place divided by the number of levels of this place that you have seen.
                   A       B       C       D       E      F
               +-------+-------+-------+-------+-------+----------------------
         Total | 100.0 | 100.0 |   N/A |   N/A | 100.0 | 141.2
       Dungeon | 100.0 | 100.0 |   N/A |   N/A | 100.0 | 141.2
               +-------+-------+-------+-------+-------+----------------------

Vault maps used:
D:1:      scummos_arrival_simple_fountains
D:2:      tso_metal_star
D:3:      lemuel_coloured_pillars_altar
D:4:      minitemple, minmay_temple_entry_overgrown, portal_sewer_entry_e,
          hangedman_glass_teeth, kennysheep_cross_room, uniq_grinder,
          uniq_crazy_yiuf_cottage
D:5:      first_ration, minmay_misc_feat_room
